 Dungeon Crawl Stone Soup version 0.27.0-1-g7a089689b8 (webtiles) character file.

Game seed: 147763252076163971

1920 Spaninq the Covert (level 9, -4/69 HPs)
             Began as a Formicid Brigand on Aug 12, 2021.
             Was a Follower of Dithmenos.
             Killed from afar by an acid dragon (9 damage)
             ... with a splash of acid
             ... on level 5 of the Dungeon.
             The game lasted 00:25:22 (8441 turns).

Spaninq the Covert (Formicid Brigand)               Turns: 8441, Time: 00:25:22

Health: -4/69      AC:  2    Str: 16    XL:     9   Next: 39%
Magic:  0/9        EV: 12    Int: 11    God:    Dithmenos [*.....]
Gold:   196        SH:  5    Dex: 15    Spells: 7/8 levels left

rFire    + . .     SeeInvis +   i - +1 dagger (venom)
rCold    . . .     Faith    .   j - +0 buckler
rNeg     . . .     Spirit   +   b - +0 robe
rPois    .         Reflect  .   (helmet unavailable)
rElec    .         Harm     .   c - +0 cloak
rCorr    .         Rampage  .   k - +2 pair of gloves
Will     .....                  (no boots)
Stlth    +++++.....             l - amulet of guardian spirit
HPRegen  0.21/turn              h - ring of protection from fire
MPRegen  0.11/turn              (no ring)

@: corroded, wreathed by umbra
A: permanent stasis, dig shafts and tunnels, antennae 3, four strong arms
a: Dig, Shaft Self, Renounce Religion


You were on level 5 of the Dungeon.
You worshipped Dithmenos.
Dithmenos was aware of your devotion.
You visited 2 branches of the dungeon, and saw 8 of its levels.

You collected 196 gold pieces.

Inventory:

Hand Weapons
 a - a +3 dagger
 i - a +1 dagger of venom (weapon)
 x - a +5 scimitar of freezing
Missiles
 d - 17 poisoned darts (quivered)
 e - 3 curare-tipped darts
 t - 6 atropa-tipped darts
Armour
 b - a +0 robe (worn)
 c - a +0 cloak (worn)
 j - a +0 buckler (worn)
 k - a +2 pair of gloves (worn)
 s - a scarf of shadows
Jewellery
 g - a ring of wizardry
 h - a ring of protection from fire (left hand)
 l - an amulet of guardian spirit (around neck)
 p - an amulet of magic regeneration
 q - a ring of magical power
Wands
 v - a wand of paralysis (1)
Scrolls
 u - 2 scrolls of magic mapping
Potions
 f - a potion of magic {unknown}
 m - a potion of haste {unknown}
 n - a potion of flight {unknown}
 o - a potion of might {unknown}
 w - a potion of heal wounds {unknown}


   Skills:
 + Level 5.6 Fighting
 * Level 7.1 Short Blades
 - Level 2.0 Throwing
 - Level 1.5 Dodging
 * Level 10.1 Stealth
 + Level 4.6 Shields


You had 7 spell levels left.
You knew the following spells:

 Your Spells              Type           Power      Damage    Failure   Level
a - Apportation           Tloc           0%         N/A       34%         1

Your spell library contained the following spells:

 Spells                   Type           Power      Damage    Failure   Level
 Animate Skeleton         Necr           0%         N/A       34%         1
 Corona                   Hex            0%         N/A       34%         1
 Magic Dart               Conj           0%         1d3       34%         1
 Sting                    Tmut/Pois      0%         1d3       34%         1
 Summon Small Mammal      Summ           0%         N/A       34%         1
 Call Imp                 Summ           0%         N/A       47%         2
 Poisonous Vapours        Pois/Air       0%         N/A       47%         2
 Slow                     Hex            0%         N/A       47%         2
 Confusing Touch          Hex            0%         N/A       71%         3
 Mephitic Cloud           Conj/Pois/Air  0%         N/A       71%         3
 Olgreb's Toxic Radiance  Pois           0%         N/A       98%         4
 Yara's Violent Unravell  Hex/Tmut       0%         3d3       100%        5


Dungeon Overview and Level Annotations

Branches:
Dungeon (7/15)             Temple (1/1) D:4

Altars:
Ashenzari
Cheibriados
Dithmenos
Elyvilon
Fedhas
Gozag
Hepliaklqana
Kikubaaqudgha
Makhleb
Okawaru
Qazlal
Sif Muna
Trog
Uskayaw
Vehumet
Xom
Yredelemnul
Zin
The Shining One

Shops:
D:2 :

Annotations:
D:5 7 runed translucent doors, mainiacjoe's ghost, novice DrWz


Innate Abilities, Weirdness & Mutations

You cannot be hasted, slowed, berserked, paralysed or teleported.
You can dig through walls and to a lower floor.
You have a pair of large antennae on your head. (SInv)
Your four strong arms can wield two-handed weapons with a shield.


Message History

The acid dragon is lightly wounded.
You hit the acid dragon but do no damage.
The acid dragon is poisoned.
The acid dragon is lightly wounded.
The acid dragon spits acid at you. The splash of acid hits you!
The acid corrodes you!
You are splashed with acid!
You completely miss the acid dragon.
The acid dragon is lightly wounded.
You hit the acid dragon but do no damage.
The acid dragon is lightly wounded.
The acid dragon bites you but does no damage.
The acid dragon barely misses you.
You barely miss the acid dragon.
The acid dragon is lightly wounded.
The acid dragon closely misses you. The acid dragon barely misses you.
You hit the acid dragon but do no damage.
The acid dragon is lightly wounded.
You hit the acid dragon but do no damage.
The acid dragon is lightly wounded.
The acid dragon spits acid at you. The splash of acid hits you!
You are splashed with acid!
* * * LOW HITPOINT WARNING * * *
You hit the acid dragon but do no damage.
The acid dragon is lightly wounded.
The acid dragon bites you.
* * * LOW HITPOINT WARNING * * *
The acid dragon claws you.
You closely miss the acid dragon.
The acid dragon is moderately wounded.
You hit the acid dragon.
The acid dragon looks as sick as possible!
The acid dragon is moderately wounded.
The acid dragon bites you!
* * * LOW HITPOINT WARNING * * *
You block the acid dragon's attack.
You hit the acid dragon but do no damage.
The acid dragon is severely wounded.
The acid dragon spits acid at you. The splash of acid hits you!
You die...

.......### #.....#
.........#####.#.#.##
....................#
#..######..######z..#
#.##....####....##.z#
#[#.###..##.##.#.#..#
#.#)# ##.# #..#o# z#
#.#รท##.#.# ..###D# #
#.#.#.##.##[##.#@# .#
#.##...######)#.##..#
...###'# #'###...#
##.....######.......#
......##8|$8##.###.##
####'.#8....8#.##
#..+......+..#
##.+....{{+..#
#.#8....8#..#


You could see an acid dragon (very poisoned, catching breath) and an orc.

Vanquished Creatures
  Grinder (D:3)
  Eustachio (D:5)
  An acid dragon (D:6)
  Duvessa (D:5)
  3 ogres
  A centaur (D:5)
  A kobold brigand (D:7)
  Blork the orc (D:5)
  A scorpion (D:5)
  A gnoll sergeant (D:6)
  Dowan (D:5)
  2 wights (D:5)
  3 jellies
  2 hounds
  Crazy Yiuf (D:5)
  An orc priest (D:4)
  Jessica (D:2)
  A scorpion zombie (D:5)
  5 iguanas
  An orc wizard (D:7)
  Robin (D:2)
  4 gnolls (D:6)
  A howler monkey skeleton (D:4)
  4 adders
  An ufetubus (D:4)
  2 dart slugs
  4 worms
  18 orcs
  13 ball pythons
  18 endoplasms
  4 giant cockroaches
  6 hobgoblins
  10 jackals
  5 quokkas
  6 bats
  10 frilled lizards
  14 goblins
  20 kobolds
  9 rats
180 creatures vanquished.

Vanquished Creatures (others)
  9 toadstools (D:3)
9 creatures vanquished.

Grand Total: 189 creatures vanquished

Notes
Turn   | Place    | Note
-------+----------+-------------------------------------------
     0 | D:1      | Spaninq the Formicid Brigand began the quest for the Orb.
     0 | D:1      | Reached XP level 1. HP: 16/16 MP: 1/1
    70 | D:1      | Reached skill level 1 in Dodging
   167 | D:1      | Reached skill level 5 in Stealth
   180 | D:1      | Reached XP level 2. HP: 22/22 MP: 2/2
   438 | D:1      | Reached XP level 3. HP: 26/28 MP: 3/3
  1132 | D:2      | Noticed Jessica
  1139 | D:2      | Killed Jessica
  1140 | D:2      | Reached XP level 4. HP: 34/34 MP: 4/4
  1409 | D:2      | Found Waoleoro's Book Emporium.
  1443 | D:2      | Learned a level 1 spell: Apportation
  1495 | D:2      | Noticed Robin
  1501 | D:2      | Reached XP level 5. HP: 38/40 MP: 5/5
  1933 | D:2      | Killed Robin
  1934 | D:2      | Reached skill level 6 in Stealth
  2160 | D:3      | Noticed Grinder
  2170 | D:3      | Killed Grinder
  2171 | D:3      | Reached skill level 1 in Shields
  2171 | D:3      | Reached XP level 6. HP: 37/47 MP: 3/6
  2469 | D:3      | Reached skill level 7 in Stealth
  2469 | D:3      | Reached XP level 7. HP: 31/52 MP: 4/7
  3711 | D:4      | Found a staircase to the Ecumenical Temple.
  3725 | Temple   | Entered the Ecumenical Temple
  4181 | Temple   | Became a worshipper of Dithmenos the Shadowed
  4255 | D:4      | Identified the +3 chain mail of the Lich-sworn {Drain
                  | Regen+ Dex+3}
  5095 | D:5      | Entered Level 5 of the Dungeon
  5328 | D:5      | Reached skill level 5 in Short Blades
  5334 | D:5      | Found a large runed translucent door.
  5335 | D:5      | Found a large runed translucent door.
  5346 | D:5      | Found a runed translucent gate.
  5346 | D:5      | Found a runed translucent gate.
  5346 | D:5      | Found a runed translucent gate.
  5519 | D:5      | Reached skill level 8 in Stealth
  5529 | D:5      | Reached XP level 8. HP: 57/61 MP: 6/8
  5855 | D:5      | Noticed mainiacjoe's ghost (novice DrWz)
  5860 | D:5      | Noticed Eustachio
  5890 | D:5      | Killed Eustachio
  6554 | D:5      | Found a shimmering blue altar of Sif Muna.
  6561 | D:5      | Found a shimmering altar of Xom.
  6566 | D:5      | Found a white marble altar of Elyvilon.
  6576 | D:5      | Found an ancient bone altar of Kikubaaqudgha.
  6581 | D:5      | Found a broken altar of Ashenzari.
  6589 | D:5      | Found a snail-covered altar of Cheibriados.
  6594 | D:5      | Found a glowing silver altar of Zin.
  6636 | D:5      | Noticed Blork the orc
  6638 | D:5      | Noticed Dowan
  6661 | D:5      | Killed Dowan
  6667 | D:5      | Killed Blork the orc
  6668 | D:5      | Reached skill level 9 in Stealth
  6871 | D:5      | Noticed Duvessa
  6886 | D:5      | You fall into a shaft and drop 2 floors!
  7044 | D:7      | Reached * piety under Dithmenos
  7045 | D:7      | Reached skill level 5 in Fighting
  7353 | D:6      | Reached XP level 9. HP: 54/68 MP: 6/9
  7682 | D:5      | Killed Duvessa
  7912 | D:5      | Found a runed translucent door.
  7913 | D:5      | Noticed Crazy Yiuf
  7923 | D:5      | Killed Crazy Yiuf
  8163 | D:5      | Noticed a hornet
  8169 | D:5      | Found a large runed translucent door.
  8169 | D:5      | Found a large runed translucent door.
  8196 | D:5      | Reached skill level 10 in Stealth
  8441 | D:5      | Killed from afar by an acid dragon

Illustrated notes

Levels and vault maps discovered:
D:1:      dpeg_arrival_boxes_within_box, layout_basic
D:2:      layout_rooms, serial_shops, shop, serial_glass, glass_columns_a,
          glass_columns_c, minmay_strange_pillars, due_unseen_surprise,
          feat_on_display, item_on_display_a, uniq_robin, uniq_jessica
D:3:      cheibrodos_fertilizer, layout_rooms, kennysheep_nondescript,
          amcnicky_mini_rare_corridor_liquid, uniq_grinder
D:4:      layout_cave_pods, temple_statues, minmay_misc_feat_columns
D:5:      layout_basic, grunt_temple_overflow_octagram, gammafunk_ghost_split,
          minmay_hollow_rounded_squares, uniq_duvessa, uniq_blork_the_orc,
          uniq_crazy_yiuf_cottage, uniq_eustachio
D:6:      layout_loops_ring, nzn_wu_jian_council_hall, corexii_leaking_fountain,
          minmay_small_thing
D:7:      layout_loops_ring, enter_ossuary_3, gammafunk_ghost_abyssal_escape
Temple:   minmay_temple_forest_path

Skill      XL: |  1  2  3  4  5  6  7  8  9 |
---------------+----------------------------+-----
Dodging        | 1 |  1.5
Stealth        | 5 6 7 8 9 10 | 10.1
Short Blades   | 3 4 5 6 7 |  7.1
Fighting       | 3 4 5 |  5.6
Shields        | 1 2 3 4 |  4.6
Throwing       | |  2.0

Action                   |  1- 3 |  4- 6 |  7- 9 || total
-------------------------+-------+-------+-------++-------
Melee: Dagger            |    78 |   165 |   408 ||   651
       Scimitar          |       |       |     2 ||     2
Throw: Dart              |    14 |       |       ||    14
 Abil: Shaft Self        |       |       |     1 ||     1
  Use: Scroll            |     2 |     2 |     5 ||     9
       Potion            |       |       |     3 ||     3
 Stab: Sleeping          |    10 |     3 |    19 ||    32
       Distracted        |     1 |       |     3 ||     4
Armor: Robe              |    15 |    57 |    53 ||   125
Dodge: Dodged            |    44 |    96 |   155 ||   295
Block: Buckler           |       |       |    61 ||    61
